 Dungeon Crawl Stone Soup version 0.20-a0-32-gb8e7c72 (webtiles) character file.

84 KristoblXynda the Insei (level 4, 0/28 HPs)
             Began as an Octopode Transmuter on Nov 9, 2016.
             Slain by an ooze (2 damage)
             ... on level 2 of the Dungeon.
             The game lasted 00:01:58 (1382 turns).

KristoblXynda the Insei (Octopode Transmuter)       Turns: 1382, Time: 00:02:00

Health: 0/28       AC:  1    Str:  9    XL:     4   Next: 45%
Magic:  7/7        EV: 13    Int: 16    God:
Gold:   106        SH:  0    Dex: 12    Spells: 1 memorised, 6 levels left

rFire  . . .     SeeInvis .       - Unarmed
rCold  . . .     Gourm    .     (no shield)
rNeg   . . .     Faith    .     (helmet restricted)
rPois  .         Spirit   .     (no amulet)
rElec  .         Reflect  .     (no ring)
rCorr  .         Harm     .     (no ring)
MR     .....                    (no ring)
Stlth  ++........               (no ring)
                                (no ring)
                                (no ring)
                                (no ring)
                                (no ring)

@: lethally poisoned (0 -> -3), appendage (expiring)
A: almost no armour, stealthy swim, amphibious, 8 rings, constrict 8, tentacle
spike 3, camouflage 1, gelatinous body 1
a: End Transformation


You were on level 2 of the Dungeon.
You were hungry.
One of your tentacles had a temporary spike.
You visited 1 branch of the dungeon, and saw 2 of its levels.

You collected 106 gold pieces.

Inventory:

Missiles
 a - 29 arrows
Jewellery
 e - an uncursed ring of positive energy {unknown}
Scrolls
 d - 3 scrolls of identify {unknown}
 f - 3 scrolls of teleportation {unknown}
 j - a scroll of magic mapping {unknown}
 n - a scroll of amnesia {unknown}
 p - a scroll of remove curse {unknown}
Potions
 g - a potion of agility {unknown}
 k - a potion of degeneration {unknown}
 l - a potion of flight {unknown}
 q - a potion of haste {unknown}
Books
 b - a book of Changes

   Spells                             Type                      Level
   a - Beastly Appendage              Transmutation                1
   b - Sticks to Snakes               Transmutation                2
   c - Spider Form                    Transmutation/Poison         3
   d - Ice Form                       Ice/Transmutation            4
   e - Blade Hands                    Transmutation                5
Comestibles
 c - a bread ration
 h - a slice of pizza
 i - 2 meat rations
 o - a beef jerky


   Skills:
 - Level 1.0 Fighting
 - Level 2.0 Dodging
 * Level 4.6 Unarmed Combat
 - Level 2.0 Spellcasting
 + Level 2.8 Transmutations


You had 6 spell levels left.
You knew the following spells:

 Your Spells              Type           Power        Failure   Level  Hunger
a - Beastly Appendage     Tmut           ##....       10%         1    #......


Dungeon Overview and Level Annotations

Branches:
Dungeon (2/15)

Altars:


Innate Abilities, Weirdness & Mutations

You cannot wear most types of armour.
You are very stealthy in the water. (Stealth+)
You are amphibious.
You can wear up to eight rings at the same time.
You can use your tentacles to constrict eight enemies at once.
Your skin changes colour to match your surroundings (Stealth+).
Your rubbery body absorbs attacks. (AC +1, EV +1)
One of your tentacles bears a large vicious spike.


Message History

You pierce the frilled lizard.
Your squeeze misses the frilled lizard.
The frilled lizard is heavily wounded.
You constrict the frilled lizard.
You kill the frilled lizard!
You are feeling hungry.
The ooze hits you.
* * * LOW HITPOINT WARNING * * *
The rat closely misses you.
All of the chunks of flesh in your inventory have rotted away.
Things that are here:
a frilled lizard corpse; an adder corpse You tentacle-slap the ooze.
You squeeze the ooze.
The ooze is moderately wounded.
The ooze barely misses you. The rat bites you.
* * * LOW HITPOINT WARNING * * *
You tentacle-slap the ooze.
The ooze is severely wounded.
* * * LOW HITPOINT WARNING * * *
You feel sick. The ooze hits you.
You die...

.......................
####.#.................
####.....##....r.......
...............J.......
..............#.#
................#
...............## #
.............#.r####..#
.............#.J@.....#
...............####...#
..............## ....#
............#.### .###
)....#..........# #
.##########.....# .#
####.....#
########........#
.........##.....#


You could see an ooze and a rat.

Vanquished Creatures
  Jessica (D:2)
  2 adders (D:2)
  A dart slug (D:1)
  4 giant cockroaches (D:1)
  7 goblins
  2 hobgoblins (D:2)
  A quokka (D:2)
  8 bats
  2 frilled lizards
  2 kobolds (D:2)
  9 rats
39 creatures vanquished.

Notes
Turn   | Place    | Note
-------+----------+-------------------------------------------
     0 | D:1      | KristoblXynda the Octopode Transmuter began the quest for the Orb.
     0 | D:1      | Reached XP level 1. HP: 13/13 MP: 3/3
   222 | D:1      | Reached XP level 2. HP: 9/18 MP: 5/5
   961 | D:1      | Reached XP level 3. HP: 23/23 MP: 6/6
  1106 | D:2      | Reached skill level 4 in Unarmed Combat
  1361 | D:2      | Noticed Jessica
  1366 | D:2      | Killed Jessica
  1366 | D:2      | Reached XP level 4. HP: 24/28 MP: 7/7
  1382 | D:2      | Slain by an ooze

Vault maps used:
D:1:      wheals_arrival_linesprint, hex_medium
D:2:      amethyst_overflow_temple_binary, uniq_jessica

Skill      XL: |  1  2  3 |
---------------+----------+-----
Unarmed Combat | 4 |  4.6
Fighting       | |  1.0
Dodging        | |  2.0
Spellcasting   | |  2.0
Transmutations | |  2.8

Action                   |  1- 3 |  4- 6 || total
-------------------------+-------+-------++-------
Melee: Unarmed           |    78 |     9 ||    87
       Constrict         |    14 |     2 ||    16
       Tentacles         |     6 |     1 ||     7
       Punch             |     1 |       ||     1
       Kick              |       |     2 ||     2
 Cast: Beastly Appendage |       |     1 ||     1
 Stab: Sleeping          |    10 |       ||    10
  Eat: Chunk             |     1 |       ||     1
Armor: Skin              |    13 |       ||    13
Dodge: Dodged            |    48 |     6 ||    54
